 Dungeon Crawl Stone Soup version 0.28-b1-1-g3c77fb2ed1 (webtiles) character file.

Game seed: 13245125290311318882

62 Minsecho the Vexing (level 4, -5/42 HPs)
             Began as an Ogre Arcane Marksman on Jan 30, 2022.
             Killed by divine providence
             ... invoked by an orc priest
              (13 damage)
             ... on level 3 of the Dungeon.
             The game lasted 00:03:03 (2568 turns).

Minsecho the Vexing (Ogre Arcane Marksman)          Turns: 2568, Time: 00:03:04

Health: -5/42      AC:  3    Str: 14    XL:     4   Next: 8%
Magic:  6/6        EV: 10    Int: 19    God:
Gold:   118        SH:  0    Dex: 11    Spells: 4/5 levels left

rFire   . . .      SeeInvis .   k - +4 dagger "Morg" {pain, Will+ Int+5}
rCold   . . .      Faith    .   (no shield)
rNeg    . . .      Spirit   .   a - +0 robe
rPois   .          Reflect  .   (helmet restricted)
rElec   .          Harm     .   (no cloak)
rCorr   .          Rampage  .   (gloves unavailable)
Will    +....                   (boots unavailable)
Stlth   +.........              (no amulet)
HPRegen 0.14/turn               (no ring)
MPRegen 0.10/turn               (no ring)

@: hasted, very quick
A: large, unfitting armour, tough skin 1
a: no special abilities


You were on level 3 of the Dungeon.
You visited 1 branch of the dungeon, and saw 3 of its levels.

You collected 118 gold pieces.

Inventory:

Hand Weapons
 e - a +0 quarterstaff
 g - a +0 club
 k - the +4 dagger "Morg" (weapon) {pain, Will+ Int+5}
   (You found it on level 2 of the Dungeon)

   In the hands of one skilled in necromantic magic, it inflicts extra damage on
   living creatures.
   Int:       It affects your intelligence (+5).
   Will:      It increases your willpower.
Missiles
 b - 4 large rocks (quivered)
 c - 2 throwing nets
 n - 6 poisoned darts
Armour
 a - a +0 robe (worn)
Jewellery
 f - an amulet of guardian spirit
Scrolls
 d - 6 scrolls of identify {unknown}
 h - a scroll of magic mapping {unknown}
 i - a scroll of fog {unknown}
 l - a scroll of vulnerability {unknown}
 m - a scroll of silence {unknown}
Potions
 o - a potion of brilliance {unknown}


   Skills:
 + Level 2.0 Fighting
 + Level 2.4 Throwing
 + Level 2.5 Dodging
 + Level 1.4 Spellcasting
 + Level 3.4 Hexes


You had 4 spell levels left.
You knew the following spells:

 Your Spells              Type           Power      Damage    Failure   Level
a - Slow                  Hex            56%        N/A       4%          1

Your spell library contained the following spells:

 Spells                   Type           Power      Damage    Failure   Level
 Shock                    Conj/Air       4%         1d3       19%         1
 Inner Flame              Hex/Fire       7%         N/A       26%         3
 Portal Projectile        Hex/Tloc       14%        N/A       26%         3
 Cause Fear               Hex            7%         N/A       41%         4
 Swiftness                Air            1%         N/A       47%         3
 Airstrike                Air            0%         N/A       87%         4


Dungeon Overview and Level Annotations

Branches:
Dungeon (3/15)

Altars:


Innate Abilities, Weirdness & Mutations

You are too large for most types of armour.
You have tough skin. (AC +1)


Message History

The orc priest is moderately wounded.
The orc completely misses you.
The orc priest begins to cast a cantrip, but forgets the words!
The orc wizard barely misses you.
You hit the orc priest but do no damage.
The orc priest is moderately wounded.
The orc misses you.
The orc priest looks encouraged for a moment.
The orc wizard barely misses you.
You closely miss the orc priest.
The orc priest is moderately wounded.
The orc hits you with a +0 club.
The orc priest looks encouraged for a moment.
The orc wizard hits you but does no damage.
You closely miss the orc priest.
The orc priest is moderately wounded.
The orc misses you.
The orc priest mumbles some strange prayers to Beogh against you.
Pain shoots through your body!
The orc wizard casts a spell.
The orc wizard flickers and vanishes!
Deactivating autopickup; reactivate with Ctrl-A.
You completely miss the orc priest.
The orc priest is moderately wounded.
The orc hits you but does no damage.
The orc priest calls down the wrath of Beogh upon you.
Pain shoots through your body!
You hear some strange, mumbled words.
A puff of flame appears from out of thin air!
The puff of flame hits you.
You hit the orc priest but do no damage.
The orc priest is moderately wounded.
The orc hits you with a +0 club. The orc priest hits you with a +0 club.
* * * LOW HITPOINT WARNING * * *
Something hits you.
* * * LOW HITPOINT WARNING * * *
It was a potion of haste.
You feel yourself speed up. The orc misses you.
The orc priest invokes the aid of Beogh against you.
Beogh smites you!
You die...

#.###.........
#########.).........##
.........†..........#
.######.........#....#.
......#.##...#.........
...............<#.##.#.
.#....#.........#......
###.####{.....(..###...)
.......@o......#.# ....
###.#..#o......#.# ...
#..#.####.#..# .. #?.#..
..#.## .. ............
.#....... ........... ##
#.# #.....


You could see an orc priest and an orc.

Vanquished Creatures
  An adder (D:2)
  A gnoll (D:1)
  2 worms (D:2)
  A dart slug (D:3)
  3 ball pythons (D:2)
  4 bats
  2 endoplasms
  2 giant cockroaches
  2 goblins (D:1)
  4 hobgoblins
  3 jackals (D:3)
  2 quokkas (D:1)
  A frilled lizard (D:1)
  3 kobolds
  5 rats
36 creatures vanquished.

Notes
Turn   | Place    | Note
-------+----------+-------------------------------------------
     0 | D:1      | Minsecho the Ogre Arcane Marksman began the quest for the
                  | Orb.
     0 | D:1      | Reached XP level 1. HP: 19/19 MP: 2/2
   387 | D:1      | Found a faded altar of an unknown god.
   619 | D:1      | Reached XP level 2. HP: 24/27 MP: 3/3
   627 | D:1      | Reached skill level 3 in Hexes
  1163 | D:1      | Reached XP level 3. HP: 31/33 MP: 4/4
  1418 | D:2      | Found the +4 dagger "Morg" {pain, Will+ Int+5}
  2457 | D:3      | Reached XP level 4. HP: 42/42 MP: 6/6
  2568 | D:3      | Killed from afar by an orc priest

Illustrated notes

Levels and vault maps discovered:
D:1:      scummos_arrival_gate, layout_loops_ring,
          shapermc_ecumenical_altar_mp_highgroup, minmay_surrounded
D:2:      layout_rooms
D:3:      layout_basic

Skill      XL: |  1  2  3  4 |
---------------+-------------+-----
Dodging        | 2 |  2.5
Hexes          | 3 |  3.4
Fighting       | 2 |  2.0
Throwing       | |  2.4
Spellcasting   | |  1.4

Action                   |  1- 3 |  4- 6 || total
-------------------------+-------+-------++-------
Melee: Quarterstaff      |    65 |       ||    65
       Unarmed           |    12 |       ||    12
       Dagger            |    54 |    32 ||    86
       Punch             |       |     1 ||     1
Throw: Large rock        |     2 |       ||     2
 Cast: Slow              |     4 |       ||     4
  Use: Potion            |       |     1 ||     1
 Stab: Sleeping          |     1 |       ||     1
Armor: Robe              |    47 |    16 ||    63
Dodge: Dodged            |    79 |    27 ||   106
